Map: Disco Bloodbath LE

Players

SpeCial - Winner!

  • Race: Terran Terran
  • League: Master
  • Spawn Location: 9:00

HuK

  • Race: Protoss Protoss
  • League: Grandmaster
  • Spawn Location: 3:00

Event: NationWars 2019

VOD

Have the link to the VOD?

Description

Time

  • Played on: Oct. 5, 2019, 1:40 p.m.
  • Length: 10:57

All games in this series

Show
View Real Time Build Order
Export as new Build Order

SpeCial Terran - Winner!

Build Orders: Cyclone Opening 

Get SALT Encoding   

  12  0:00  SCV  
  13  0:12  SCV  
  14  0:18  Supply Depot  
  14  0:24  SCV  
  15  0:39  SCV  
  15  0:41  Barracks  
  16  0:45  Refinery  
  16  0:52  SCV  
  16  0:55  Refinery  
  17  1:04  SCV  
  18  1:16  SCV  
  19  1:28  Orbital Command  
  19  1:29  Reaper  
  20  1:38  Supply Depot  
  20  1:44  Factory  
  20  1:55  SCV  
  21  2:01  Reaper  
  21  2:07  SCV  
  23  2:19  SCV  
  24  2:25  Command Center  
  24  2:30  Factory Tech Lab  
  24  2:32  SCV  
  25  2:44  SCV  
  25  2:46  Starport  
  26  2:52  Cyclone  
  26  2:56  SCV  
  30  3:00  Supply Depot  
  30  3:08  SCV  
  31  3:22  SCV  
  31  3:24  Barracks  
  31  3:26  Barracks  
  32  3:33  Siege Tank  
  36  3:34  SCV  
  36  3:35  Starport Tech Lab  
  36  3:41  Orbital Command  
  36  3:46  SCV  
  37  3:59  Bunker  
  37  4:04  Raven  
  37  4:07  SCV x2  
  40  4:19  SCV, Marine x3  
  40  4:21  Siege Tank  
  40  4:22  SCV  
  40  4:23  Supply Depot  
  48  4:30  Engineering Bay  
  48  4:31  SCV  
  48  4:33  Supply Depot  
  48  4:34  SCV  
  47  4:42  Marine x2  
  47  4:43  SCV  
  50  4:46  SCV  
  51  4:54  Barracks Reactor  
  51  4:55  SCV  
  51  4:58  Missile Turret, SCV  
  53  5:00  Terran Infantry Weapons Level 1  
  53  5:05  Refinery  
  53  5:07  SCV  
  53  5:10  SCV  
  47  5:14  Marine  
  47  5:19  Stimpack, Marine  
  47  5:20  SCV  
  46  5:25  SCV  
  46  5:29  Missile Turret  
  46  5:30  Starport Reactor, Factory Reactor  
  46  5:31  Marine  
  46  5:32  Marine x2  
  46  5:34  SCV  
  50  5:36  Marine  
  50  5:37  SCV  
  52  5:43  Supply Depot  
  52  5:46  SCV  
  52  5:49  SCV, Marine x2  
  55  5:50  Marine  
  55  5:56  Marine  
  58  5:57  Combat Shield  
  58  5:58  SCV  
  58  6:02  SCV  
  60  6:07  Supply Depot, Medivac, Marine x2  
  60  6:09  Medivac  
  60  6:10  SCV  
  67  6:14  SCV  
  67  6:18  Widow Mine x2  
  72  6:22  SCV  
  72  6:25  Marine x2  
  75  6:30  SCV  
  75  6:32  Supply Depot  
  74  6:33  Marauder x2  
  74  6:36  SCV  
  74  6:39  Widow Mine  
  81  6:42  SCV  
  81  6:44  Marine x2  
  84  6:48  Widow Mine  
  84  6:53  SCV  
  87  6:54  Supply Depot  
  87  6:55  Marauder x2  
  87  6:57  Refinery  
  91  7:03  Marine  
  91  7:04  Marine  
  93  7:15  Medivac x2  
  93  7:16  Marauder x2  
  93  7:21  Marine  
  102  7:24  Supply Depot  
  102  7:27  Marine  
  98  7:34  Command Center  
  92  7:39  Marauder x2, Marine  
  92  7:43  SCV x2  
  97  7:44  Concussive Shells  
  97  7:45  Marine  
  97  7:49  Supply Depot  
  98  7:57  Marine  
  99  8:00  Marauder  
  99  8:03  Marine  
  99  8:04  SCV x2  
  104  8:09  Barracks  
  104  8:11  Barracks  
  104  8:13  Marauder  
  104  8:14  Marine  
  104  8:17  Supply Depot  
  104  8:19  SCV, Supply Depot  
  108  8:21  Liberator, Marine  
  108  8:22  Marauder  
  111  8:31  Widow Mine  
  111  8:32  Marine  
  113  8:35  Marauder, Widow Mine  
  114  8:43  Marauder  
  114  8:48  Marine  
  114  8:52  Widow Mine  
  111  8:56  Marauder, Widow Mine  
  107  9:04  Marauder  
  47  9:49  Orbital Command  
  47  9:52  Orbital Command  
  47  10:00  Marine  
  47  10:06  Marine x3  
  51  10:10  Marine  
Show
View Real Time Build Order
Export as new Build Order

HuK Protoss 

Build Orders: Oracle Opening 

Get SALT Encoding   

  12  0:00  Probe  
  13  0:12  Probe  
  14  0:17  Pylon  
  14  0:25  Probe  
  15  0:37  Probe (Chrono Boost)  
  15  0:39  Gateway  
  16  0:46  Assimilator  
  16  0:48  Probe (Chrono Boost)  
  17  0:53  Probe (Chrono Boost)  
  18  1:04  Probe  
  19  1:16  Probe  
  20  1:28  Probe, Assimilator  
  20  1:29  Cybernetics Core  
  21  1:33  Pylon  
  21  1:42  Zealot (Chrono Boost)  
  23  1:51  Probe  
  24  2:03  Probe  
  24  2:06  Adept (Chrono Boost)  
  27  2:12  Warp Gate  
  27  2:20  Pylon  
  27  2:21  Probe  
  26  2:26  Adept (Chrono Boost)  
  28  2:33  Probe  
  29  2:40  Nexus  
  29  2:45  Probe  
  30  2:57  Probe  
  31  3:00  Stargate  
  31  3:06  Adept  
  31  3:09  Probe  
  34  3:21  Probe  
  35  3:27  Pylon  
  35  3:33  Probe  
  36  3:38  Gateway  
  36  3:40  Oracle (Chrono Boost), Gateway  
  36  3:45  Probe  
  40  3:52  Probe  
  41  3:58  Probe  
  42  4:04  Adept  
  42  4:08  Oracle (Chrono Boost), Probe  
  45  4:10  Probe  
  49  4:20  Probe  
  49  4:22  Probe  
  49  4:23  Twilight Council  
  50  4:32  Probe  
  50  4:34  Probe  
  50  4:36  Oracle (Chrono Boost)  
  55  4:46  Probe x2  
  57  4:56  Nexus  
  57  4:57  Forge  
  57  4:59  Pylon  
  57  5:02  Probe  
  57  5:03  Probe  
  50  5:16  Probe  
  50  5:17  Probe  
  50  5:21  Charge (Chrono Boost)  
  50  5:26  Assimilator  
  50  5:28  Probe, Protoss Ground Armor Level 1 (Chrono Boost)  
  50  5:29  Probe  
  50  5:35  Pylon  
  52  5:40  Probe  
  52  5:42  Robotics Facility  
  54  5:45  Gateway  
  54  5:47  Gateway  
  54  5:48  Gateway  
  54  5:49  Gateway  
  53  5:50  Gateway  
  53  5:54  Probe  
  53  5:55  Probe  
  55  6:00  Sentry  
  55  6:01  Zealot  
  55  6:04  Pylon  
  59  6:06  Probe  
  59  6:09  Probe  
  61  6:13  Probe  
  61  6:14  Phoenix  
  61  6:15  Pylon  
  61  6:16  Zealot  
  66  6:19  Probe  
  66  6:20  Pylon  
  66  6:21  Probe  
  68  6:39  Warp Prism (Chrono Boost)  
  72  6:41  Stalker x4  
  78  6:51  Probe  
  76  6:59  Probe  
  77  7:04  Probe  
  77  7:06  Stalker x2  
  77  7:08  Zealot x4  
  87  7:21  Zealot  
  87  7:22  Zealot  
  80  7:30  Probe  
  80  7:34  Warp Prism (Chrono Boost)  
  80  7:36  Zealot  
  79  7:41  Stalker x3  
  79  7:43  Stalker  
  89  7:55  Zealot x2  
  89  7:58  Pylon  
  93  7:59  Pylon  
  93  8:10  Pylon  
  93  8:21  Zealot x2  
  93  8:22  Zealot x4  
  104  8:51  Zealot  
  81  9:08  Zealot  
  81  9:09  Zealot  
  65  9:13  Zealot x4  
  54  9:25  Zealot  
  40  9:43  Stalker  
Tags
 
Add a new tag
Caveats
  • Supply blocks, unpowered buildings, or Contaminate may cause inaccurate times.
  • Supply counts are checked every 10 seconds.